Map: Newkirk Precinct TE (Void)

Players

Matiz - Winner!

  • Race: Zerg Zerg
  • League: Master
  • Spawn Location: 7:00

Nedi - Winner!

  • Race: Zerg Zerg
  • League: Master
  • Spawn Location: 5:00

BluE

  • Race: Protoss Protoss
  • League: Master

AnDreJOO

  • Race: Protoss Protoss
  • League: Master

VOD

Have the link to the VOD?

Description

Time

  • Played on: Nov. 26, 2016, 11:56 a.m.
  • Length: 12:28
Show
View Real Time Build Order
Export as new Build Order

Matiz Zerg - Winner!

Build Orders: Hatch First 

Get SALT Encoding   

  12  0:00  Drone  
  13  0:10  Drone  
  14  0:19  Drone, Extractor  
  15  0:25  Overlord  
  15  0:47  Hatchery  
  14  0:50  Drone  
  14  0:52  Drone  
  14  0:56  Drone  
  17  1:01  Drone  
  18  1:14  Spawning Pool  
  18  1:16  Extractor  
  16  1:20  Drone  
  16  1:23  Drone  
  18  1:38  Drone  
  19  1:47  Hatchery  
  18  1:49  Drone  
  19  2:02  Drone x2  
  19  2:07  Queen  
  23  2:14  Queen  
  25  2:17  Drone  
  26  2:24  Overlord  
  26  2:27  Drone  
  26  2:29  Drone  
  28  2:35  Metabolic Boost  
  28  2:43  Drone x3  
  31  2:45  Zergling x2  
  32  2:52  Drone  
  32  2:56  Drone  
  34  3:00  Queen, Overlord  
  34  3:02  Drone  
  37  3:08  Overlord  
  37  3:13  Drone x2  
  37  3:17  Overlord  
  37  3:18  Drone  
  37  3:19  Drone  
  41  3:24  Drone x2  
  43  3:29  Drone x3  
  43  3:31  Drone  
  47  3:34  Zergling x2  
  47  3:35  Zergling x2  
  49  3:43  Queen  
  49  3:46  Zergling x6  
  53  3:52  Zergling x6  
  53  3:53  Evolution Chamber  
  55  3:56  Drone x2  
  55  4:00  Lair  
  57  4:03  Drone x2  
  59  4:13  Drone x3  
  59  4:16  Spore Crawler  
  61  4:19  Roach Warren  
  61  4:20  Drone x3  
  61  4:22  Queen  
  65  4:29  Overlord  
  65  4:31  Extractor  
  65  4:34  Extractor  
  65  4:35  Spore Crawler  
  65  4:38  Overlord  
  62  4:44  Drone x3  
  65  4:46  Overlord  
  65  4:47  Overlord  
  65  4:48  Spore Crawler  
  64  4:59  Zergling x6, Roach x5  
  76  5:00  Roach  
  76  5:05  Overlord x2  
  76  5:16  Drone  
  76  5:28  Drone x2  
  76  5:29  Overlord, Drone x4  
  76  5:30  Overseer  
  76  5:33  Extractor, Zerg Missile Weapons Level 1  
  76  5:35  Drone x4  
  85  5:41  Baneling Nest  
  84  5:46  Roach x4  
  84  5:49  Drone x3  
  93  5:56  Roach x3  
  93  5:57  Roach x2  
  102  6:02  Overseer  
  102  6:03  Overlord  
  102  6:04  Drone x2  
  102  6:05  Drone  
  105  6:15  Drone  
  105  6:17  Overlord  
  105  6:18  Zergling x6  
  107  6:28  Drone x5  
  111  6:35  Drone x2  
  111  6:37  Centrifical Hooks  
  111  6:39  Drone  
  113  6:40  Infestation Pit  
  113  6:41  Extractor  
  113  6:43  Hatchery, Drone x2  
  106  6:54  Drone  
  106  6:55  Drone x6  
  106  7:00  Extractor  
  112  7:09  Zergling x4  
  112  7:10  Zergling x14  
  121  7:16  Hive  
  121  7:18  Drone  
  121  7:19  Drone  
  121  7:20  Spire  
  122  7:24  Evolution Chamber  
  122  7:26  Overlord  
  122  7:27  Zerg Melee Weapons Level 1  
  121  7:31  Hatchery  
  121  7:35  Overlord  
  120  7:42  Drone  
  122  7:44  Drone x5  
  122  7:45  Overlord, Drone x3  
  122  7:47  Zergling x2  
  129  7:53  Ravager x2  
  129  7:54  Overlord  
  129  7:56  Ravager x4  
  129  7:57  Zergling x2  
  129  7:58  Zergling x12, Ravager  
  141  8:01  Overseer  
  141  8:16  Drone x6  
  141  8:17  Drone x2  
  145  8:24  Baneling  
  145  8:25  Baneling x13  
  145  8:26  Ravager  
  145  8:27  Ravager x2  
  144  8:28  Zergling x4  
  144  8:29  Zergling x12  
  144  8:34  Zergling x6  
  150  8:36  Hatchery, Baneling  
  148  8:41  Zergling x2  
  147  8:55  Zergling x2, Queen  
  142  8:56  Zergling x26  
  142  8:58  Baneling x7  
  154  9:03  Zergling x4  
  149  9:10  Zergling x4  
  149  9:11  Overseer  
  149  9:13  Zergling x4, Queen  
  149  9:14  Zergling x4, Queen  
  151  9:18  Baneling x9  
  151  9:20  Hatchery  
  151  9:21  Ravager  
  151  9:24  Adrenal Glands  
  151  9:25  Zergling x2  
  151  9:26  Zergling x4  
  153  9:35  Zergling x12  
  159  9:48  Greater Spire  
  158  9:53  Zergling x18  
  157  10:03  Zergling x18  
  148  10:11  Zergling x12  
  151  10:17  Zergling x2  
  151  10:18  Zergling x10  
  151  10:20  Baneling x13  
  150  10:23  Zergling x4  
  150  10:29  Queen  
  150  10:30  Zergling x4  
  150  10:31  Zergling x2  
  150  10:36  Zergling x12  
  155  10:47  Queen  
  132  10:50  Zergling x24  
  132  10:51  Queen  
  132  10:55  Zergling x2  
  132  10:56  Zergling x2  
  138  10:57  Baneling x3  
  138  11:00  Zergling x2  
  139  11:10  Pneumatized Carapace  
  133  11:11  Overseer  
  133  11:12  Queen  
  134  11:19  Drone x3  
  134  11:22  Zergling x4  
  134  11:23  Zergling x28  
  145  11:38  Zergling x26  
  145  11:39  Zergling x2  
  152  11:48  Corruptor x2  
  152  11:53  Baneling x4  
  152  11:54  Baneling x2  
  156  11:57  Overlord  
  156  11:58  Overlord x2  
  156  12:02  Baneling x6  
  156  12:03  Baneling x6  
Show
View Real Time Build Order
Export as new Build Order

Nedi Zerg - Winner!

Build Orders:  

Get SALT Encoding   

  12  0:01  Probe (Chrono Boost)  
  13  0:12  Probe (Chrono Boost)  
  14  0:20  Pylon  
  14  0:23  Probe (Chrono Boost)  
  15  0:39  Probe (Chrono Boost)  
  15  0:40  Gateway  
  16  0:45  Assimilator  
  16  0:49  Probe (Chrono Boost)  
  17  1:00  Probe (Chrono Boost)  
  18  1:10  Probe (Chrono Boost)  
  19  1:25  Nexus  
  19  1:29  Probe (Chrono Boost)  
  20  1:38  Cybernetics Core  
  20  1:41  Probe (Chrono Boost)  
  21  1:48  Assimilator  
  21  1:51  Probe (Chrono Boost)  
  22  1:56  Pylon  
  22  2:02  Probe (Chrono Boost)  
  23  2:11  Stalker  
  26  2:16  Probe (Chrono Boost)  
  26  2:17  Warp Gate  
  26  2:28  Probe (Chrono Boost)  
  29  2:37  Mothership Core (Chrono Boost)  
  29  2:39  Probe (Chrono Boost)  
  29  2:40  Zealot  
  32  2:50  Probe (Chrono Boost)  
  33  2:56  Probe (Chrono Boost)  
  33  2:57  Twilight Council  
  34  3:00  Probe (Chrono Boost)  
  35  3:06  Probe (Chrono Boost)  
  35  3:11  Probe (Chrono Boost)  
  37  3:16  Robotics Facility  
  37  3:18  Probe (Chrono Boost)  
  38  3:22  Probe (Chrono Boost)  
  39  3:29  Probe (Chrono Boost)  
  40  3:38  Dark Shrine  
  40  3:39  Probe (Chrono Boost)  
  41  3:41  Probe (Chrono Boost)  
  42  3:49  Probe (Chrono Boost)  
  42  3:52  Probe (Chrono Boost), Gateway  
  42  3:53  Gateway  
  44  3:55  Gateway  
  44  3:59  Pylon, Warp Prism  
  46  4:13  Assimilator  
  46  4:15  Assimilator  
  46  4:20  Probe (Chrono Boost)  
  46  4:21  Probe (Chrono Boost), Pylon  
  48  4:30  Pylon, Probe (Chrono Boost)  
  49  4:33  Probe (Chrono Boost)  
  50  4:52  Gateway  
  50  4:53  Pylon, Adept  
  52  5:10  Probe x2 (Chrono Boost)  
  54  5:20  Probe (Chrono Boost)  
  55  5:22  Dark Templar x4, Probe (Chrono Boost)  
  55  5:27  Archon  
  55  5:28  Archon  
  63  5:31  Probe (Chrono Boost)  
  63  5:34  Probe (Chrono Boost)  
  65  5:36  Nexus  
  65  5:39  Pylon  
  65  5:41  Probe (Chrono Boost)  
  65  5:42  Immortal  
  66  5:46  Probe (Chrono Boost)  
  71  5:52  Probe (Chrono Boost)  
  73  5:57  Sentry  
  73  5:58  Probe (Chrono Boost), Sentry x3  
  73  6:02  Pylon, Probe (Chrono Boost)  
  82  6:09  Robotics Facility  
  82  6:10  Probe (Chrono Boost)  
  83  6:14  Pylon  
  83  6:16  Immortal  
  83  6:17  Probe (Chrono Boost)  
  88  6:29  Charge  
  89  6:34  Probe (Chrono Boost)  
  89  6:39  Probe (Chrono Boost)  
  90  6:47  Gateway  
  90  6:48  Gateway  
  90  6:50  Immortal, Gateway  
  90  6:52  Immortal  
  98  7:07  Probe (Chrono Boost)  
  98  7:08  Probe (Chrono Boost)  
  100  7:10  Probe (Chrono Boost)  
  100  7:12  Zealot x2  
  100  7:13  Zealot x2  
  111  7:23  Probe x2 (Chrono Boost)  
  111  7:27  Observer  
  111  7:28  Gateway  
  112  7:31  Pylon  
  112  7:34  Zealot  
  112  7:38  Assimilator  
  112  7:41  Pylon  
  112  7:46  Assimilator  
  112  7:48  Forge  
  112  7:51  Zealot x2  
  112  7:52  Zealot x2  
  112  7:56  Dark Templar  
  112  7:57  Dark Templar  
  124  7:59  Immortal  
  128  8:15  Zealot x2  
  128  8:20  Pylon x2  
  128  8:21  Pylon  
  128  8:22  Pylon x2  
  128  8:29  Sentry x2  
  132  8:38  Dark Templar x4  
  136  8:42  Archon x2  
  136  8:55  Dark Templar x3  
  115  8:58  Adept  
  115  9:00  Archon  
  115  9:01  Probe (Chrono Boost)  
  110  9:13  Zealot  
  110  9:14  Zealot x3  
  110  9:20  Protoss Ground Weapons Level 1  
  110  9:22  Adept  
  114  9:25  Probe x2 (Chrono Boost)  
  114  9:28  Zealot x3  
  120  9:37  Probe (Chrono Boost)  
  121  9:39  Dark Templar  
  121  9:40  Dark Templar  
  121  9:44  Archon  
  119  10:01  Dark Templar x5  
  119  10:05  Archon x2  
  119  10:06  Zealot  
  90  10:27  Zealot x3  
  96  10:33  Probe x2 (Chrono Boost)  
  96  10:35  Zealot x4  
  100  10:38  Sentry  
  101  10:43  Probe (Chrono Boost)  
  101  10:45  Probe (Chrono Boost)  
  101  10:48  Probe (Chrono Boost)  
  84  10:54  Probe (Chrono Boost)  
  81  10:58  Zealot x2  
  81  11:01  Probe (Chrono Boost)  
  81  11:04  Probe x2 (Chrono Boost)  
  82  11:12  Zealot  
  82  11:13  Zealot  
  74  11:27  Zealot x2  
  74  11:28  Zealot x2  
  74  11:29  Sentry x2  
  78  11:36  Dark Templar  
  56  11:40  Probe x2 (Chrono Boost)  
  56  11:43  Dark Templar  
  56  11:47  Dark Templar  
  58  11:56  Pylon  
  58  11:57  Pylon  
  58  11:58  Pylon  
  58  12:03  Templar Archives  
Show
View Real Time Build Order
Export as new Build Order

BluE Protoss 

Build Orders:  

Get SALT Encoding   

Show
View Real Time Build Order
Export as new Build Order

AnDreJOO Protoss 

Build Orders:  

Get SALT Encoding   

Tags
 
Add a new tag
Caveats
  • Supply blocks, unpowered buildings, or Contaminate may cause inaccurate times.
  • Supply counts are checked every 10 seconds.